 Dungeon Crawl Stone Soup version 0.29.0-15-g675c0067aa (webtiles) character file.

Game seed: 786308066780764030

0 qw the Sneak (level 1, -1/14 HPs)
             Began as a Gargoyle Delver on Sept 11, 2022.
             Slain by an ufetubus (2 damage)
             ... on level 5 of the Dungeon.
             The game lasted 00:00:02 (153 turns).

qw the Sneak (Gargoyle Delver)                       Turns: 153, Time: 00:00:03

Health: -1/14      AC:  5    Str: 15    XL:     1   Next: 0%
Magic:  1/1        EV: 11    Int: 10    God:
Gold:   35         SH:  0    Dex: 11    Spells: 0/0 levels left

rFire   . . .      SeeInvis .   Y - +0 hand axe
rCold   + . .      Faith    .   (no shield)
rNeg    + . .      Spirit   .   b - +0 leather armour
rPois   inf        Reflect  .   (no helmet)
rElec   +          Harm     .   (no cloak)
rCorr   .          Rampage  .   (no gloves)
Will    .....                   (no boots)
Stlth   +++.......              (no amulet)
HPRegen 0.04/turn               i - ring of protection from cold
MPRegen 0.07/turn               (no ring)

@: no status effects
A: sickness immunity, AC +2, negative energy resistance 1, electricity
resistance, torment resistance 1, petrification resistance
a: no special abilities


You were on level 5 of the Dungeon.
You visited 1 branch of the dungeon, and saw 1 of its levels.

You collected 35 gold pieces.


Innate Abilities, Weirdness & Mutations

You are immune to sickness and miasma.
Your stone body is resilient. (AC +2)
You are immune to poison.
You resist negative energy. (rN+)
You are resistant to electric shocks. (rElec)
You are resistant to unholy torment.
You are immune to petrification.


   Skills:
 - Level 3.2 Fighting
 + Level 1.7 Axes
 - Level 1.5 Dodging
 - Level 5.4 Stealth


You couldn't memorise any spells.
You didn't know any spells.
Your spell library was empty.

Inventory:

Hand Weapons
 h - a +0 club
 Y - a +0 hand axe (weapon)
Armour
 b - a +0 leather armour (worn)
Jewellery
 i - a ring of protection from cold (left hand)
Wands
 g - a wand of digging (3)
Potions
 f - a potion of haste

Dungeon Overview and Level Annotations

Branches:
Dungeon (5/15)
 Temple: D:4-7

Altars:
Gozag
Makhleb


Message History

146 ||| DROPPING scroll of fear.
You drop a scroll of fear.
(D) Dungeon
Where to? (* - list waypoints, ? - help)
What level of the Dungeon? (default 1, ? - help)
A white imp comes into view.
The white imp shouts, "Leave, thou infectious shard-borne cross-patch!"
You hear a shout!
The white imp gestures at you. The puff of frost misses you.
An ufetubus comes into view.
The ufetubus shouts!
You hit the white imp.
The white imp is moderately wounded.
A necrophage comes into view.
The white imp hits you but does no damage.
You barely miss the white imp.
The white imp is moderately wounded.
The white imp gestures at you. The puff of frost hits you. You resist.
You barely miss the white imp. You punch the white imp.
The white imp is heavily wounded.
You hit the ufetubus. The ufetubus closely misses you.
The ufetubus hits you but does no damage.
The white imp hits you but does no damage.
The ufetubus hits you.
The ufetubus hits you but does no damage.
The white imp hits you. The white imp freezes you. You resist.
You hit the white imp.
The white imp is almost dead.
You closely miss the ufetubus.
The ufetubus hits you but does no damage.
The ufetubus closely misses you. x3
The white imp gestures at you. The puff of frost hits you. You resist.
You hit the white imp.
You kill the white imp!
You barely miss the ufetubus. The ufetubus misses you. The ufetubus hits you.
You die...

.# .# ..# #####..# .
########......#..
#....^##.......<.
###.###..##@5n..#
#.....#...?..#.....
#.#.###.....## #.#
## #.._..#####.# ..
###.#.# .... #.
#.....# #.#...
#..###.#####.#......
#....# ... ### .##
###..#..# .#


You could see a necrophage and an ufetubus.

Vanquished Creatures
  A white imp (D:5)
1 creature vanquished.

Vanquished Creatures (others)
  11 plants (D:5)
11 creatures vanquished.

Grand Total: 12 creatures vanquished

Notes
Turn   | Place    | Note
-------+----------+-------------------------------------------
     0 | D:5      | qw the Gargoyle Delver began the quest for the Orb.
     0 | D:5      | Reached XP level 1. HP: 14/14 MP: 1/1
     0 | D:5      | 0 ||| qw: Version: 0.1-a-117-gfe26ee0
     0 | D:5      | 0 ||| qw: Game counter: 10178
     0 | D:5      | 0 ||| qw: Always use a shield: true
     0 | D:5      | 0 ||| qw: God list: Okawaru
     0 | D:5      | 0 ||| qw: Allow faded altars: false
     0 | D:5      | 0 ||| qw: Do Orc after D:15 true
     0 | D:5      | 0 ||| qw: Do second Lair branch before Depths: true
     0 | D:5      | 0 ||| qw: Lair rune preference: random
     0 | D:5      | 0 ||| qw: Plans: Normal
     0 | D:5      | 0 ||| PLANNING D:1-11
    61 | D:5      | Found a burning altar of Makhleb.
    73 | D:5      | Noticed a jelly
    74 | D:5      | 74 ||| Stepping ~*~*~tactically~*~*~ (stealth).
    75 | D:5      | 75 ||| Stepping ~*~*~tactically~*~*~ (stealth).
    77 | D:5      | 77 ||| Stepping ~*~*~tactically~*~*~ (stealth).
   112 | D:5      | Found an opulent altar of Gozag.
   142 | D:5      | 142 ||| UPGRADING to ring of protection from cold.
   143 | D:5      | 143 ||| READING scroll labelled NIXIRE DOYRIPT.
   144 | D:5      | 144 ||| DROPPING scroll of fog.
   145 | D:5      | 145 ||| DROPPING scroll of magic mapping.
   146 | D:5      | 146 ||| DROPPING scroll of fear.
   149 | D:5      | Noticed a necrophage
   152 | D:5      | HP: 1/14 [white imp/puff of frost (5)]
   153 | D:5      | Slain by an ufetubus

Levels and vault maps discovered:
D:5:      layout_basic, kennysheep_little_box, lemuel_round_altar,
          trog_butcher_becter, nicolae_gozag_cash_rules_everything_around_me,
          kennysheep_mini, serial_bayou_lagoon_a, minmay_fountain_box

Action                   || total
-------------------------++-------
Melee: Hand axe          ||     5
       Punch             ||     1
  Use: Scroll            ||     1
Armor: Leather armour    ||     5
Dodge: Dodged            ||     6

Table legend:
 A = Non-vault XP
 B = Vault XP
 C = Vault XP percentage of total XP
 D = Non-vault monster count
 E = Vault monster count
 F = Vault count percentage of total count
                 A         B        C        D         E       F
            +---------+---------+-------+---------+---------+-------
      Total |      10 |       0 |   0.0 |       1 |       0 |   0.0
            +---------+---------+-------+---------+---------+-------
        D:5 |      10 |       0 |   0.0 |       1 |       0 |   0.0
            +---------+---------+-------+---------+---------+-------
